 Dungeon Crawl Stone Soup version 0.18.1-5-g4a78601 (webtiles) character file.

258 lightmor the Magician (level 5, 0/29 HPs)
             Began as a Deep Elf Fire Elementalist on May 13, 2016.
             Killed from afar by an orc wizard (6 damage)
             ... with a magic dart
             ... on level 3 of the Dungeon.
             The game lasted 00:06:30 (2548 turns).

lightmor the Magician (Deep Elf Fire Elementalist)  Turns: 2548, Time: 00:06:30

Health: 0/29       AC:  3    Str:  5    XL:     5   Next: 94%
Magic:  2/15       EV: 13    Int: 21    God:
Gold:   211        SH:  0    Dex: 15    Spells: 5 memorised, 2 levels left

rFire  + . .     SeeInvis .     i - +0 short sword
rCold  . . .     Gourm    .     a - +0 robe
rNeg   . . .     Faith    .     (no shield)
rPois  .         Spirit   .     (no helmet)
rElec  .         Dismiss  .     (no cloak)
rCorr  .         Reflect  .     f - +0 pair of gloves
SustAt .         Harm     .     (no boots)
MR     .....                    (no amulet)
Stlth  ++........               (no ring)
                                j - ring of protection from fire

@: slowed, very slow, not resistant to hostile enchantments, unstealthy
A: no striking features
a: no special abilities


You were on level 3 of the Dungeon.
You were hungry.

You visited 1 branch of the dungeon, and saw 3 of its levels.

You collected 211 gold pieces.

Inventory:

Hand Weapons
 i - a +0 short sword (weapon)
Armour
 a - a +0 robe (worn)
 f - a +0 pair of gloves (worn)
Jewellery
 j - a ring of protection from fire (left hand)
Scrolls
 d - a scroll of blinking
 e - 3 scrolls of remove curse
Potions
 h - 3 potions of heal wounds
 k - a potion of curing
Books
 b - a book of Flames

   Spells                             Type                      Level
   a - Flame Tongue                   Conjuration/Fire             1
   b - Throw Flame                    Conjuration/Fire             2
   c - Conjure Flame                  Conjuration/Fire             3
   d - Inner Flame                    Hexes/Fire                   3
   e - Sticky Flame                   Conjuration/Fire             4
   f - Fireball                       Conjuration/Fire             5
Comestibles
 c - 2 bread rations
 g - 2 slices of pizza
 l - 4 meat rations
 m - a beef jerky
 n - 9 chunks of flesh


   Skills:
 + Level 1.0 Fighting
 + Level 2.9 Dodging
 - Level 2.4 Stealth
 + Level 5.9 Spellcasting
 + Level 4.0 Conjurations
 + Level 3.7 Fire Magic


You had 2 spell levels left.
You knew the following spells:

 Your Spells              Type           Power        Failure   Level  Hunger
a - Flame Tongue          Conj/Fire      ###..        1%          1    None
b - Throw Flame           Conj/Fire      ###...       3%          2    None
c - Conjure Flame         Conj/Fire      ###.....     10%         3    ##.....
d - Inner Flame           Hex/Fire       ##......     17%         3    ##.....
e - Sticky Flame          Conj/Fire      ###.....     24%         4    ####...


Dungeon Overview and Level Annotations

Branches:
Dungeon (3/15)

Altars:


Message History

The orc wizard hits you with a dagger.
You closely miss the orc wizard.
The orc wizard is heavily wounded.
The orc wizard hits you with a dagger. x2
You hit the orc wizard.
The orc wizard is severely wounded.
The orc wizard completely misses you. The orc wizard barely misses you.
The orc wizard misses you.
You closely miss the orc wizard.
The orc wizard is severely wounded.
The orc wizard hits you with a dagger. x2
You hit the orc wizard but do no damage.
The orc wizard is severely wounded.
The orc wizard completely misses you.
The orc wizard gestures at you while chanting.
The magic dart hits you!
* * * LOW HITPOINT WARNING * * *
The orc wizard casts a spell at you. The magic dart hits you!
You die...

###### ###### #....# #....#
#.##.#
##########....###########.##.####
....)......w...o@..............>#
.#########....###########.#######
.# #....# #####.....# §#####
#....# #....####.# ....<# #....#
#.#.......# )....# #....#
#.#..###### w....# ######
#....### ÷....# ####...# .....#
###.###


You could see a worm and an orc wizard.

Vanquished Creatures
  An ogre (D:3)
  An orc priest (D:3)
  Natasha (twice) (D:2)
  3 adders (D:2)
  5 dart slugs
  3 giant geckos
  2 orcs (D:3)
  A giant cockroach (D:3)
  7 goblins
  6 hobgoblins
  3 jackals (D:1)
  8 kobolds
  A ball python (D:2)
  8 bats
  2 giant newts (D:2)
  2 rats
55 creatures vanquished.

Notes
Turn   | Place    | Note
--------------------------------------------------------------
     0 | D:1      | lightmor the Deep Elf Fire Elementalist began the quest for the Orb.
     0 | D:1      | Reached XP level 1. HP: 10/10 MP: 6/6
   226 | D:1      | Reached XP level 2. HP: 15/15 MP: 5/8
   235 | D:1      | Learned a level 2 spell: Throw Flame
   404 | D:1      | Reached skill level 4 in Spellcasting
  1093 | D:2      | Reached XP level 3. HP: 19/19 MP: 6/10
  1098 | D:2      | Learned a level 3 spell: Conjure Flame
  1102 | D:2      | Learned a level 3 spell: Inner Flame
  1998 | D:2      | Reached XP level 4. HP: 24/24 MP: 10/12
  2000 | D:2      | Noticed Natasha
  2009 | D:2      | Killed Natasha
  2009 | D:2      | Reached skill level 5 in Spellcasting
  2118 | D:2      | Noticed Natasha
  2121 | D:2      | Killed Natasha
  2235 | D:2      | Reached XP level 5. HP: 28/28 MP: 12/15
  2331 | D:2      | Learned a level 4 spell: Sticky Flame
  2332 | D:3      | Noticed an ogre
  2337 | D:3      | Killed an ogre
  2476 | D:3      | Reached skill level 1 in Fighting
  2548 | D:3      | Killed from afar by an orc wizard

Skill      XL: |  1  2  3  4  5 |
---------------+----------------+-----
Spellcasting   | 4 5 |  5.9
Conjurations   | 2 3 4 |  4.0
Fighting       | 1 |  1.0
Dodging        | |  2.9
Stealth        | |  2.4
Fire Magic     | |  3.7

Action                   |  1- 3 |  4- 6 || total
-------------------------+-------+-------++-------
Melee: Short sword       |     5 |     5 ||    10
 Cast: Flame Tongue      |    31 |    20 ||    51
       Throw Flame       |    32 |    13 ||    45
       Conjure Flame     |       |     3 ||     3
  Use: Scroll            |     4 |       ||     4
       Potion            |       |     1 ||     1
 Stab: Sleeping          |     2 |       ||     2
  Eat: Chunk             |     4 |     1 ||     5
Armor: Robe              |     1 |     1 ||     2
Dodge: Dodged            |    15 |     5 ||    20
